General information
- name: BNet
- type: Ladder team game (AT/RT)
- host: Battle.net
- saver: NOBLEBLOODDOUCH
map: Mur'gulOasis
- players: 8
- length: 69:38
- speed: Fast
- version: 1.26 W3XP
- replay type: Public
» download(282 KB)
Players
team 1 (loser)

»
wC_WoLF (
purple | 75 APM | 906 actions | 12:01)
3 Shadow Hunter
1 Hex
2 Healing Wave
1 Tauren Chieftain
1 War Stomp
» actions
| Assign group hotkey | 9 | |
| Basic commands | 102 | |
| Build / train | 37 | |
| ESC pressed | 5 | |
| Enter build submenu | 10 | |
| Enter hero's abilities submenu | 4 | |
| Give item / drop item | 3 | |
| Remove unit from queue | 2 | |
| Right click | 277 | |
| Select / deselect | 162 | |
| Select group hotkey | 243 | |
| Use ability | 52 | |
906 total
» units
» upgrades
» buildings
| Orc Burrow | 5 | |
| Barracks | 1 | |
| Altar of Storms | 1 | |
| War Mill | 1 | |
| Voodoo Lounge | 1 | |
| Stronghold | 1 | |
| Fortress | 1 | |
| Beastiary | 1 | |
12 total
» build order
00:12 Orc Burrow
00:19 Barracks
00:26 Altar of Storms
01:20 War Mill
02:21 Orc Burrow
03:01 Voodoo Lounge
05:03 Stronghold
06:22 Orc Burrow
07:09 Orc Burrow
08:17 Fortress
10:20 Orc Burrow
10:39 Beastiary
» items
| Lesser Clarity Potion | 3 | |
| Healing Salve | 1 | |
| Potion of Mana | 1 | |
| Scroll of Speed | 1 | |
6 total

»
stewybabcox (
blue | 13 APM | 840 actions | 62:45)
9 Paladin
3 Divine Shield
3 Devotion Aura
1 Resurrection
2 Holy Light
» actions
| Basic commands | 11 | |
| Build / train | 111 | |
| Enter build submenu | 43 | |
| Enter hero's abilities submenu | 10 | |
| Give item / drop item | 2 | |
| Remove unit from queue | 4 | |
| Right click | 294 | |
| Select / deselect | 268 | |
| Use ability | 97 | |
840 total
» units
| Peasant | 17 | |
| Gryphon Rider | 19 | |
| Wind Rider | 14 | |
| Rifleman | 4 | |
| Peon | 3 | |
| Grunt | 9 | |
| Dragonhawk Rider | 1 | |
67 total
» upgrades
| Lumber Harvesting | 2 | |
| Storm Hammers | 1 | |
| Masonry | 3 | |
| Swords | 3 | |
| Animal War Training | 1 | |
| Armor | 3 | |
| Envenomed Spears | 1 | |
| Pillage | 0 | |
| Ranged Weapons | 1 | |
15 total
» buildings
| Lumber Mill | 1 | |
| Keep | 1 | |
| Altar of Kings | 1 | |
| Barracks | 1 | |
| Farm | 13 | |
| Scout Tower | 5 | |
| Arcane Vault | 1 | |
| Castle | 1 | |
| Blacksmith | 2 | |
| Gryphon Aviary | 4 | |
| Guard Tower | 2 | |
| Orc Burrow | 12 | |
| Town Hall | 1 | |
45 total
» build order
00:35 Lumber Mill
01:38 Keep
02:01 Altar of Kings
02:12 Barracks
02:20 Farm
02:27 Farm
02:34 Farm
02:40 Scout Tower
02:48 Scout Tower
02:54 Scout Tower
03:02 Farm
03:14 Arcane Vault
04:50 Castle
05:12 Blacksmith
05:17 Scout Tower
05:23 Blacksmith
05:29 Scout Tower
05:37 Farm
05:44 Gryphon Aviary
07:07 Gryphon Aviary
07:17 Gryphon Aviary
07:25 Farm
09:55 Guard Tower
14:08 Guard Tower
15:50 Farm
15:54 Farm
15:59 Farm
16:03 Farm
18:24 Farm
18:30 Gryphon Aviary
29:01 Orc Burrow
29:04 Orc Burrow
29:07 Orc Burrow
29:12 Orc Burrow
29:25 Town Hall
30:44 Orc Burrow
30:47 Orc Burrow
30:49 Orc Burrow
30:52 Orc Burrow
31:56 Farm
31:58 Farm
32:06 Orc Burrow
32:10 Orc Burrow
32:18 Orc Burrow
32:22 Orc Burrow
» items
| Staff of Teleportation | 1 | |
| Potion of Lesser Invulnerability | 1 | |
| Orb of Fire | 1 | |
| Scroll of Regeneration | 5 | |
8 total
FrostMaster (
teal | 17 APM | 1151 actions | 69:37)
1 Blademaster
1 Mirror Image
» actions
| Basic commands | 2 | |
| Build / train | 68 | |
| Enter build submenu | 36 | |
| Enter hero's abilities submenu | 1 | |
| Right click | 683 | |
| Select / deselect | 326 | |
| Use ability | 34 | |
1151 total
» units
| Peon | 5 | |
| Grunt | 8 | |
| Troll Headhunter/Berserker | 13 | |
| Wind Rider | 20 | |
| Demolisher | 1 | |
| Rifleman | 3 | |
| Footman | 12 | |
62 total
» buildings
| Altar of Storms | 1 | |
| Barracks | 1 | |
| Orc Burrow | 9 | |
| War Mill | 1 | |
| Stronghold | 1 | |
| Beastiary | 1 | |
| Voodoo Lounge | 1 | |
| Farm | 1 | |
| Watch Tower | 12 | |
28 total
» build order
00:11 Altar of Storms
00:29 Barracks
00:38 Orc Burrow
01:52 Orc Burrow
02:15 War Mill
03:49 Orc Burrow
07:04 Stronghold
09:29 Beastiary
09:39 Orc Burrow
10:20 Voodoo Lounge
10:52 Orc Burrow
17:00 Orc Burrow
21:07 Orc Burrow
24:11 Orc Burrow
31:25 Farm
34:15 Watch Tower
34:19 Watch Tower
34:25 Watch Tower
34:38 Watch Tower
36:10 Watch Tower
37:16 Watch Tower
38:24 Watch Tower
39:34 Watch Tower
40:48 Watch Tower
53:58 Orc Burrow
54:58 Watch Tower
56:13 Watch Tower
58:15 Watch Tower
» items
| Potion of Healing | 1 | |
| Scroll of Town Portal | 1 | |
| Lesser Clarity Potion | 1 | |
3 total
GeNERAL_187 (
green | 73 APM | 1302 actions | 17:47)
4 Paladin
1 Holy Light
2 Devotion Aura
1 Divine Shield
» actions
| Assign group hotkey | 22 | |
| Build / train | 69 | |
| Enter build submenu | 27 | |
| Enter hero's abilities submenu | 4 | |
| Give item / drop item | 1 | |
| Right click | 693 | |
| Select / deselect | 237 | |
| Select group hotkey | 153 | |
| Use ability | 96 | |
1302 total
» units
| Peasant | 12 | |
| Rifleman | 13 | |
| Makrura Snapper | 2 | |
| Mur'gul Snarecaster | 2 | |
| Peon | 3 | |
32 total
» upgrades
| Long Rifles | 1 | |
| Gunpowder | 1 | |
| Sorceress Training | 2 | |
| Armor | 1 | |
| Priest Training | 1 | |
6 total
» buildings
| Blacksmith | 1 | |
| Farm | 9 | |
| Altar of Kings | 2 | |
| Barracks | 2 | |
| Lumber Mill | 2 | |
| Arcane Vault | 1 | |
| Scout Tower | 2 | |
| Guard Tower | 5 | |
| Keep | 2 | |
| Arcane Sanctum | 1 | |
| Castle | 2 | |
| Town Hall | 1 | |
30 total
» build order
00:12 Blacksmith
00:18 Farm
00:37 Altar of Kings
00:56 Farm
01:44 Farm
02:13 Barracks
02:35 Barracks
02:52 Altar of Kings
03:28 Farm
03:57 Lumber Mill
04:02 Lumber Mill
04:17 Arcane Vault
04:33 Farm
05:18 Farm
05:55 Scout Tower
07:37 Farm
07:38 Guard Tower
07:38 Guard Tower
07:38 Guard Tower
07:41 Scout Tower
07:44 Keep
07:45 Keep
08:55 Guard Tower
10:27 Arcane Sanctum
10:58 Castle
10:58 Castle
12:33 Farm
13:34 Farm
13:40 Town Hall
» items
| Scroll of Regeneration | 2 | |
| Lesser Clarity Potion | 1 | |
| Scroll of Town Portal | 1 | |
4 total
team 2 (winner)

»
TheDarkKnight00 (
orange | 13 APM | 935 actions | 69:37)
2 Archmage
1 Summon Water Elemental
1 Brilliance Aura
2 Paladin
1 Holy Light
1 Divine Shield
» actions
| Assign group hotkey | 9 | |
| Basic commands | 16 | |
| Build / train | 39 | |
| ESC pressed | 7 | |
| Enter build submenu | 22 | |
| Enter hero's abilities submenu | 4 | |
| Remove unit from queue | 1 | |
| Right click | 155 | |
| Select / deselect | 431 | |
| Select group hotkey | 218 | |
| Use ability | 33 | |
935 total
» units
| Peasant | 11 | |
| Rifleman | 8 | |
| Priest | 3 | |
| Sorceress | 4 | |
26 total
» upgrades
| Gunpowder | 2 | |
| Long Rifles | 1 | |
| Lumber Harvesting | 1 | |
| Swords | 0 | |
| Armor | 1 | |
5 total
» buildings
| Altar of Kings | 1 | |
| Farm | 10 | |
| Blacksmith | 1 | |
| Barracks | 1 | |
| Keep | 1 | |
| Town Hall | 2 | |
| Lumber Mill | 1 | |
| Arcane Sanctum | 2 | |
| Workshop | 1 | |
20 total
» build order
00:04 Altar of Kings
00:23 Farm
01:04 Blacksmith
01:13 Barracks
01:39 Farm
02:19 Farm
02:59 Farm
03:23 Keep
03:42 Farm
04:40 Farm
07:22 Town Hall
08:42 Lumber Mill
09:20 Arcane Sanctum
09:57 Arcane Sanctum
11:22 Farm
11:48 Farm
12:08 Farm
12:57 Farm
13:40 Workshop
15:38 Town Hall
NOBLEBLOODDOUCH (
pink | 61 APM | 4278 actions | 69:38)
10 Blood Mage
3 Flame Strike
3 Banish
1 Summon Phoenix
3 Siphon Mana
3 Paladin
2 Holy Light
1 Divine Shield
» actions
| Assign group hotkey | 49 | |
| Basic commands | 190 | |
| Build / train | 130 | |
| Enter build submenu | 32 | |
| Enter hero's abilities submenu | 13 | |
| Give item / drop item | 3 | |
| Remove unit from queue | 4 | |
| Right click | 1540 | |
| Select / deselect | 416 | |
| Select group hotkey | 1713 | |
| Use ability | 186 | |
4278 total
» units
» upgrades
| Lumber Harvesting | 2 | |
| Masonry | 2 | |
| Storm Hammers | 1 | |
| Swords | 3 | |
| Armor | 3 | |
| Animal War Training | 1 | |
| Cloud | 1 | |
| Gunpowder | 2 | |
| Plating | 2 | |
| Magic Sentry | 1 | |
| Priest Training | 1 | |
| Sorceress Training | 1 | |
20 total
» buildings
| Altar of Kings | 1 | |
| Farm | 13 | |
| Lumber Mill | 1 | |
| Scout Tower | 33 | |
| Arcane Tower | 1 | |
| Keep | 2 | |
| Arcane Vault | 2 | |
| Gryphon Aviary | 7 | |
| Castle | 3 | |
| Guard Tower | 18 | |
| Blacksmith | 1 | |
| Barracks | 1 | |
| Town Hall | 7 | |
| Arcane Sanctum | 1 | |
91 total
» build order
00:23 Altar of Kings
00:36 Farm
00:58 Lumber Mill
01:09 Scout Tower
01:31 Farm
01:36 Arcane Tower
02:40 Keep
02:41 Keep
04:59 Arcane Vault
05:12 Gryphon Aviary
05:12 Gryphon Aviary
05:18 Castle
05:18 Castle
06:14 Farm
06:16 Farm
06:19 Farm
06:20 Farm
06:22 Farm
06:51 Guard Tower
07:07 Blacksmith
07:36 Guard Tower
09:48 Barracks
13:48 Farm
13:48 Farm
13:49 Farm
13:49 Farm
16:13 Gryphon Aviary
16:14 Gryphon Aviary
20:16 Town Hall
20:26 Farm
20:26 Farm
22:44 Town Hall
28:25 Guard Tower
28:26 Guard Tower
30:02 Scout Tower
30:02 Scout Tower
30:02 Scout Tower
30:03 Scout Tower
30:03 Scout Tower
30:35 Guard Tower
30:50 Arcane Vault
31:34 Guard Tower
31:35 Guard Tower
33:38 Scout Tower
33:38 Scout Tower
33:38 Scout Tower
34:23 Guard Tower
36:31 Town Hall
36:32 Scout Tower
36:32 Scout Tower
36:33 Scout Tower
36:33 Scout Tower
36:33 Scout Tower
36:35 Scout Tower
38:18 Guard Tower
38:18 Guard Tower
38:36 Guard Tower
40:23 Guard Tower
41:54 Town Hall
42:11 Gryphon Aviary
42:11 Gryphon Aviary
42:12 Gryphon Aviary
45:35 Scout Tower
45:35 Scout Tower
45:38 Scout Tower
45:38 Scout Tower
45:38 Scout Tower
45:43 Scout Tower
45:43 Scout Tower
45:44 Scout Tower
47:06 Town Hall
47:08 Scout Tower
47:09 Scout Tower
47:09 Scout Tower
47:09 Scout Tower
47:11 Scout Tower
47:15 Scout Tower
47:16 Scout Tower
47:16 Scout Tower
47:17 Scout Tower
47:17 Scout Tower
48:30 Guard Tower
48:30 Guard Tower
49:34 Guard Tower
49:38 Guard Tower
49:42 Arcane Sanctum
56:33 Town Hall
56:39 Town Hall
» items
| Scroll of Regeneration | 4 | |
| Potion of Healing | 2 | |
| Ivory Tower | 5 | |
| Potion of Lesser Invulnerability | 2 | |
| Staff of Teleportation | 3 | |
| Scroll of Town Portal | 3 | |
| Lesser Clarity Potion | 1 | |
| Scroll of Healing | 2 | |
22 total
xXTheYoshiXx (
red | 51 APM | 3551 actions | 69:37)
9 Paladin
3 Holy Light
3 Devotion Aura
1 Resurrection
2 Divine Shield
» actions
| Assign group hotkey | 46 | |
| Basic commands | 7 | |
| Build / train | 76 | |
| Enter build submenu | 16 | |
| Enter hero's abilities submenu | 9 | |
| Give item / drop item | 1 | |
| Remove unit from queue | 5 | |
| Right click | 2675 | |
| Select / deselect | 417 | |
| Select group hotkey | 79 | |
| Use ability | 219 | |
3551 total
» units
| Peasant | 11 | |
| Footman | 11 | |
| Rifleman | 5 | |
| Sorceress | 7 | |
| Spell Breaker | 1 | |
35 total
» upgrades
| Defend | 1 | |
| Plating | 3 | |
| Swords | 2 | |
| Long Rifles | 1 | |
| Sorceress Training | 2 | |
| Priest Training | 0 | |
| Magic Sentry | 0 | |
9 total
» buildings
| Blacksmith | 1 | |
| Altar of Kings | 1 | |
| Farm | 9 | |
| Barracks | 1 | |
| Arcane Vault | 1 | |
| Keep | 1 | |
| Arcane Sanctum | 2 | |
| Castle | 1 | |
17 total
» build order
00:51 Blacksmith
01:06 Altar of Kings
01:21 Farm
01:36 Barracks
01:42 Farm
01:45 Arcane Vault
02:27 Farm
02:32 Farm
04:55 Keep
08:12 Arcane Sanctum
08:17 Arcane Sanctum
09:18 Farm
09:19 Farm
09:23 Farm
14:30 Castle
15:09 Farm
15:12 Farm
» items
| Lesser Clarity Potion | 3 | |
| Potion of Mana | 2 | |
| Scroll of Town Portal | 3 | |
| Scroll of Regeneration | 2 | |
| Boots of Speed | 1 | |
| Orb of Fire | 1 | |
| Staff of Teleportation | 1 | |
| Periapt of Vitality | 1 | |
| Scroll of Healing | 1 | |
15 total

»
fuall (
yellow | 27 APM | 599 actions | 22:16)
4 Death Knight
2 Death Coil
2 Unholy Aura
» actions
| Basic commands | 8 | |
| Build / train | 6 | |
| Enter build submenu | 3 | |
| Enter hero's abilities submenu | 4 | |
| Right click | 413 | |
| Select / deselect | 136 | |
| Use ability | 29 | |
599 total
» buildings
| Ziggurat | 1 | |
| Altar of Darkness | 1 | |
2 total
» build order
07:44 Ziggurat
07:46 Altar of Darkness
» items
Chat log
(00:06 / All) NOBLEBLOODDOUCH: lawlz
(00:08 / All) NOBLEBLOODDOUCH: its yoshi
(00:14 / All) NOBLEBLOODDOUCH: i wonder if he'll go pitlord
(00:18 / Allies) TheDarkKnight00: hmm 3 human
(00:20 / All) NOBLEBLOODDOUCH: for the 1000th time
(00:21 / Allies) TheDarkKnight00: we should def rush
(00:34 / Allies) xXTheYoshiXx: not with a hum
(00:43 / Allies) TheDarkKnight00: what?
(00:56 / Allies) TheDarkKnight00: rush or no?
(00:59 / Allies) TheDarkKnight00: i say rush
(01:00 / Allies) TheDarkKnight00: ill get rifles
(01:01 / Allies) xXTheYoshiXx: humans have too many other good heros
(01:16 / Allies) xXTheYoshiXx: to get a pitlord
(01:44 / Allies) TheDarkKnight00: fucking yellow
(01:48 / Allies) TheDarkKnight00: we have to rush
(01:50 / Allies) TheDarkKnight00: yellow is afk
(01:51 / Allies) xXTheYoshiXx: kk
(02:04 / Allies) xXTheYoshiXx: pally foots
(02:08 / Allies) TheDarkKnight00: wake hte fuck up nigger hat
(02:34 / Allies) TheDarkKnight00: pink
(02:37 / Allies) TheDarkKnight00: why dont u have a barracks
(02:37 / Allies) TheDarkKnight00: sigh
(02:39 / Allies) TheDarkKnight00: im about to quit
(02:45 / Allies) NOBLEBLOODDOUCH: we are ccing
(02:47 / Allies) NOBLEBLOODDOUCH: cc or rush?
(02:48 / Allies) TheDarkKnight00: why are you fucking tecking dickhead
(02:53 / Allies) TheDarkKnight00: WE SAID RUSH 5 TIMES
(02:54 / Allies) TheDarkKnight00: DICKHAT
(03:03 / Allies) NOBLEBLOODDOUCH: so rush?
(03:07 / Allies) TheDarkKnight00: yeah
(03:09 / Allies) xXTheYoshiXx: lol
(03:10 / Allies) TheDarkKnight00: rush.
(03:11 / Allies) xXTheYoshiXx: yes
(03:57 / Allies) TheDarkKnight00: pink
(04:00 / Allies) TheDarkKnight00: im gonna tk you
(04:05 / Allies) TheDarkKnight00: if u dont build a motherfucking barracks
(04:14 / Allies) xXTheYoshiXx: dude
(04:53 / Allies) NOBLEBLOODDOUCH: i was just kidding damn
(05:00 / Allies) TheDarkKnight00: MAKE UNITS YOU FAGGOT
(05:03 / Allies) NOBLEBLOODDOUCH: i want to see ur
(05:05 / Allies) NOBLEBLOODDOUCH: pitlord
(05:06 / Allies) NOBLEBLOODDOUCH: yoshi
(05:11 / Allies) xXTheYoshiXx: dude?
(05:13 / Allies) TheDarkKnight00: fuck off pink
(05:15 / Allies) TheDarkKnight00: you're an idiot
(05:24 / Allies) NOBLEBLOODDOUCH: what is ur favorite batman movie
(05:25 / Allies) NOBLEBLOODDOUCH: oj?
(05:32 / Allies) TheDarkKnight00: fuck you pink
(05:33 / Allies) TheDarkKnight00: thats it
(05:51 / Allies) NOBLEBLOODDOUCH: dude calm on
(05:53 / Allies) NOBLEBLOODDOUCH: we are gonna win this
(06:00 / Allies) NOBLEBLOODDOUCH: oj can u take yellows expo?
(06:26 / Allies) NOBLEBLOODDOUCH: wood plz for griffs
(07:21 / Allies) NOBLEBLOODDOUCH: were you a big fan of cat woman with haley barrey?
(07:25 / Allies) fuall: hey
(07:27 / Allies) fuall: WTF
(07:32 / Allies) fuall: NO
(07:35 / Allies) fuall: fine
(07:36 / Allies) TheDarkKnight00: wow
(07:38 / Allies) TheDarkKnight00: you faggot nigger
(07:40 / Allies) TheDarkKnight00: now you're back?
(07:40 / Allies) fuall: let me have a hero at least bro
(07:41 / Allies) fuall: relax
(08:00 / Allies) NOBLEBLOODDOUCH: kill thoze zigs
(08:02 / Allies) NOBLEBLOODDOUCH: he will betray u
(08:03 / Allies) NOBLEBLOODDOUCH: orange
(08:04 / Allies) fuall: ...
(08:05 / Allies) TheDarkKnight00: i should slap you
(08:06 / Allies) fuall: its a hero..
(08:08 / Allies) fuall: no wtf
(08:14 / Allies) TheDarkKnight00: ill let u keep it
(08:14 / Allies) fuall: i didnt realize i was in a game
(08:17 / Allies) fuall: stfu pink u faggot
(08:29 / Allies) fuall: what hero u want me to get?
(08:55 / Allies) xXTheYoshiXx: this sis stuid
(08:55 / All) NOBLEBLOODDOUCH: woot we win
(09:03 / All) NOBLEBLOODDOUCH: yoshi pitlord triumphant again
(09:26 / Allies) NOBLEBLOODDOUCH: wood?
(09:41 / Allies) TheDarkKnight00: dude u have 1000 wood...
(09:45 / Allies) TheDarkKnight00: i need some lol
(09:53 / Allies) xXTheYoshiXx: i just gave him 800
(09:53 / Allies) TheDarkKnight00: give me 200 wood plz
(09:54 / Allies) xXTheYoshiXx: lol
(10:20 / Allies) fuall: cani get some gold for boots of speed
(10:20 / Allies) fuall: ?
(10:23 / Allies) TheDarkKnight00: upgrade your griffs.
(11:06 / Allies) fuall: LET
(11:09 / All) fuall: LE TME HAVE HIM
(11:10 / Allies) NOBLEBLOODDOUCH: stay red
(11:10 / All) fuall: UR A FAG BRPO
(11:11 / Allies) NOBLEBLOODDOUCH: stay
(11:11 / All) fuall: LEGIT
(11:36 / Allies) fuall: be rdy nigga
(11:41 / Allies) xXTheYoshiXx: burrows
(11:48 / Allies) fuall: RAPE THIS FAG
(12:05 / All) fuall: stay
(12:07 / All) fuall: i ahev no units
(12:15 / All) TheDarkKnight00: wow you're a faggot yellow
(12:23 / All) fuall: i dont want this game ot end already u little bitch
(12:32 / Allies) xXTheYoshiXx: oj tp
(12:34 / Allies) fuall: tp
(12:34 / Allies) fuall: tp
(12:36 / Allies) fuall: and save him
(12:37 / Allies) xXTheYoshiXx: or should we?
(12:37 / All) TheDarkKnight00: fuck you yellow
(12:39 / Allies) fuall: ED TOO
(12:40 / Allies) fuall: RED
(12:42 / All) fuall: STFU OJ
(12:44 / All) fuall: U FUCKING SUCK COCK
(12:55 / Allies) fuall: TP
(12:56 / Allies) fuall: TP
(12:57 / Allies) fuall: TP
(12:57 / Allies) fuall: TP
(13:00 / Allies) fuall: PINK TP
(13:00 / Allies) fuall: WOW
(13:42 / Allies) TheDarkKnight00: pink...
(13:44 / Allies) TheDarkKnight00: what u doin man?
(13:48 / Allies) TheDarkKnight00: im gonna masscopters
(13:58 / Allies) TheDarkKnight00: pink...
(14:01 / Allies) TheDarkKnight00: why are u killing me?
(14:07 / Allies) NOBLEBLOODDOUCH: making it even
(14:13 / Allies) TheDarkKnight00: making it even?
(14:20 / Allies) NOBLEBLOODDOUCH: give me 2k of ur gold
(14:21 / Allies) NOBLEBLOODDOUCH: and ill stop
(14:22 / Allies) NOBLEBLOODDOUCH: fair?
(14:35 / Allies) TheDarkKnight00: i have a better idea
(14:39 / Allies) TheDarkKnight00: go fuck your fat nigger mother
(14:42 / Allies) NOBLEBLOODDOUCH: lawl
(14:44 / Allies) NOBLEBLOODDOUCH: she is white
(14:46 / Allies) NOBLEBLOODDOUCH: not black
(14:48 / Allies) fuall: good
(14:50 / Allies) fuall: dont be a nigger
(14:51 / Allies) TheDarkKnight00: whes a white nigger
(14:54 / Allies) fuall: is your fathe ra nigger though?
(14:57 / Allies) NOBLEBLOODDOUCH: ill let ur hero live
(14:58 / Allies) NOBLEBLOODDOUCH: orange
(14:59 / Allies) NOBLEBLOODDOUCH: that is it
(15:04 / Allies) TheDarkKnight00: we lose
(15:04 / Allies) TheDarkKnight00: faggot
(15:06 / Allies) TheDarkKnight00: gg
(15:08 / Allies) NOBLEBLOODDOUCH: no we dont
(15:10 / Allies) NOBLEBLOODDOUCH: i can win this 1v4
(15:18 / Allies) TheDarkKnight00: you're not even making any units
(15:19 / Allies) fuall: lol u wish
(15:22 / Allies) TheDarkKnight00: you poor excuse of a cocksucker
(15:45 / All) NOBLEBLOODDOUCH: did i say u could rebuild oj
(15:46 / Allies) TheDarkKnight00: im gonna mass copters now
(16:01 / All) NOBLEBLOODDOUCH: give me ur 2k gold and ill let u live
(16:03 / All) NOBLEBLOODDOUCH: orange
(16:19 / Allies) TheDarkKnight00: you can't have shit
(16:23 / Allies) TheDarkKnight00: you fucking lifeless faggot
(16:27 / Allies) TheDarkKnight00: who plays games to lose
(16:38 / Allies) NOBLEBLOODDOUCH: lets go
(16:38 / Allies) NOBLEBLOODDOUCH: red
(16:40 / Allies) xXTheYoshiXx: omw
(16:40 / Allies) NOBLEBLOODDOUCH: lets mess him up
(16:51 / Allies) TheDarkKnight00: yeahhh with my no defense griffs.
(16:52 / Allies) TheDarkKnight00: yeahhhhh
(16:52 / Allies) xXTheYoshiXx: get gryps
(16:54 / Allies) fuall: wow
(16:54 / Allies) TheDarkKnight00: lets mess him up
(16:55 / Allies) TheDarkKnight00: dickhead
(16:57 / All) fuall: LOL
(17:27 / All) fuall: LOL
(17:29 / All) fuall: WHAT AN IDIOT
(17:41 / All) fuall: LOL
(17:43 / All) fuall: AHAHAHHAHA
(17:51 / Allies) TheDarkKnight00: pump griffs pink
(17:52 / All) fuall: HAHAHAHA
(17:58 / All) fuall: FIRST TIME IVE SEEN THAT
(18:28 / Allies) TheDarkKnight00: pink dude
(18:29 / Allies) TheDarkKnight00: make more unis
(18:30 / Allies) TheDarkKnight00: units
(18:34 / Allies) TheDarkKnight00: and upgrade ur units
(18:35 / Allies) TheDarkKnight00: ...
(18:38 / Allies) TheDarkKnight00: why are you so bad?
(18:53 / Allies) TheDarkKnight00: KILL TEAL!!!
(18:55 / Allies) TheDarkKnight00: WHAT THE FUCK AREY OU DOING
(18:58 / Allies) fuall: POLY
(18:59 / Allies) fuall: POLY
(19:15 / All) fuall: k im bsing
(19:16 / All) fuall: so
(19:21 / All) fuall: ill tell u what my team is doing the whole time
(19:27 / All) fuall: anyways
(19:30 / All) TheDarkKnight00: these guys are so pathetic
(19:31 / All) fuall: oj doesnt have a base anymore
(19:33 / All) fuall: pink bsing him
(19:39 / All) NOBLEBLOODDOUCH: lawl
(19:40 / Allies) xXTheYoshiXx: i have sheep
(19:43 / All) fuall: forcing him to give all his gold
(19:46 / All) NOBLEBLOODDOUCH: teal is new
(19:49 / All) NOBLEBLOODDOUCH: he doesnt understand
(19:49 / All) fuall: so dont atk oj's base
(19:50 / All) NOBLEBLOODDOUCH: so is blue
(19:51 / All) NOBLEBLOODDOUCH: i think
(19:52 / All) fuall: its useless
(20:00 / All) fuall: pink has mass gyrphs
(20:01 / All) fuall: thats all
(20:02 / Allies) TheDarkKnight00: will u guys win..
(20:10 / All) fuall: retard has 3.5k and isnt using it
(20:20 / All) TheDarkKnight00: pink is an absolute disgrace to this game
(20:21 / All) fuall: red has rifles/ magic as u can see
(20:35 / All) fuall: p[ionk
(20:38 / All) fuall: is atking gree's expos
(20:40 / All) fuall: expo*
(20:42 / All) fuall: top map
(20:44 / All) NOBLEBLOODDOUCH: he has it
(20:49 / Allies) TheDarkKnight00: why are you letting red die?????
(20:51 / All) NOBLEBLOODDOUCH: yellow they dont understand
(20:56 / All) NOBLEBLOODDOUCH: red isnt dieing
(20:57 / All) NOBLEBLOODDOUCH: hes fins
(20:57 / All) fuall: shhh
(21:02 / All) fuall: i know
(21:05 / All) fuall: naww
(21:06 / All) fuall: they can do it
(21:12 / Allies) xXTheYoshiXx: help?
(21:14 / All) fuall: fucl he has res//..
(21:16 / Allies) TheDarkKnight00: k no
(21:21 / Allies) TheDarkKnight00: red is fucking dying idiot
(21:22 / All) fuall: blue
(21:25 / All) fuall: Dontlos eyour fucking hero u moron
(21:35 / All) fuall: pink is hitting greeen
(21:47 / All) fuall: Get anti-gyrphs
(21:48 / All) fuall: and u win
(21:55 / All) TheDarkKnight00: pink
(21:56 / Allies) TheDarkKnight00: i
(21:58 / All) TheDarkKnight00: where do you live?
(22:02 / All) TheDarkKnight00: please tell me raleigh north carolina
(22:03 / All) fuall: thats pretty much it
(22:03 / All) fuall: so
(22:06 / All) TheDarkKnight00: so i can beat your fucking face in
(22:09 / All) fuall: imma leave
(22:11 / All) NOBLEBLOODDOUCH: lawl
(22:14 / All) NOBLEBLOODDOUCH: i live in balitmore
(22:15 / All) fuall: pink consider your computer hacked
(22:15 / All) NOBLEBLOODDOUCH: maryland
(22:23 / All) TheDarkKnight00: shame
(22:31 / All) NOBLEBLOODDOUCH: this game isnt over
(22:32 / All) NOBLEBLOODDOUCH: morons
(22:38 / Allies) TheDarkKnight00: red gimme gold and ill pump out priests
(22:40 / Allies) TheDarkKnight00: pink
(22:41 / Allies) TheDarkKnight00: gimme gold
(22:45 / Allies) TheDarkKnight00: and illget some priests to heal u
(22:53 / Allies) TheDarkKnight00: just realized i can still make units
(22:56 / Allies) TheDarkKnight00: and get my heros back
(23:19 / Allies) TheDarkKnight00: pink
(23:22 / Allies) TheDarkKnight00: do u want to win
(23:23 / Allies) TheDarkKnight00: or not?
(23:32 / Allies) xXTheYoshiXx: im coming pink
(24:20 / Allies) TheDarkKnight00: pink
(24:24 / Allies) TheDarkKnight00: give me 200 gold
(24:30 / Allies) TheDarkKnight00: red
(24:32 / Allies) TheDarkKnight00: please can i have ur gold
(24:34 / Allies) TheDarkKnight00: to make my heros
(25:12 / Allies) TheDarkKnight00: purple is massing bats
(25:13 / Allies) TheDarkKnight00: gg
(25:26 / Allies) TheDarkKnight00: red
(25:51 / Allies) xXTheYoshiXx: i have rez again
(25:55 / Allies) TheDarkKnight00: hahahahahahah
(26:02 / Allies) TheDarkKnight00: pink is using all his gold on 2 grph aviaries
(26:04 / Allies) TheDarkKnight00: and he has 2 other ones
(26:06 / Allies) TheDarkKnight00: hahahahahah
(26:09 / Allies) TheDarkKnight00: that arent pumping anything
(26:12 / Allies) TheDarkKnight00: what a stupid stupid boy
(26:32 / Allies) TheDarkKnight00: pink has NO BRAIN!
(26:39 / All) TheDarkKnight00: guys if u legit lose to this moron
(26:41 / All) TheDarkKnight00: ...
(26:53 / Allies) xXTheYoshiXx: they have no gold
(26:56 / Allies) xXTheYoshiXx: so they lose
(26:58 / Allies) xXTheYoshiXx: lol
(28:00 / Allies) xXTheYoshiXx: i was here
(28:33 / Allies) TheDarkKnight00: tkae out purple
(29:14 / 5) NOBLEBLOODDOUCH: blue u here
(29:32 / Allies) xXTheYoshiXx: lol
(29:45 / Allies) TheDarkKnight00: HES MAKING BATS IDIOT
(29:47 / Allies) TheDarkKnight00: wow
(29:51 / Allies) xXTheYoshiXx: with what burrow?
(29:55 / All) NOBLEBLOODDOUCH: i do not care i have unlimited gold
(30:12 / 5) NOBLEBLOODDOUCH: blue are u here
(30:14 / Allies) TheDarkKnight00: give me 400g
(30:17 / Allies) TheDarkKnight00: so i can rebuild
(30:19 / 5) NOBLEBLOODDOUCH: if u lose our battle im gonna tk my team
(30:20 / 5) NOBLEBLOODDOUCH: ok?
(30:23 / 5) NOBLEBLOODDOUCH: i do not want to win
(30:23 / Allies) TheDarkKnight00: you've had your fun
(30:28 / Allies) TheDarkKnight00: i
(30:42 / 5) NOBLEBLOODDOUCH: blue do u understand
(31:22 / Allies) TheDarkKnight00: hey pink
(31:25 / 5) NOBLEBLOODDOUCH: yes
(31:27 / All) NOBLEBLOODDOUCH: yes oj
(31:30 / Allies) TheDarkKnight00: you have nothing at all to do tonight/today do you?
(31:37 / Allies) TheDarkKnight00: are you fat?
(31:38 / Allies) TheDarkKnight00: no friends?
(31:42 / All) NOBLEBLOODDOUCH: bingo
(31:50 / All) NOBLEBLOODDOUCH: orange i am innocent
(31:57 / Allies) TheDarkKnight00: you're a really really bored little individual aren't you?
(32:02 / Allies) TheDarkKnight00: you don't even care about levling up your account?
(32:07 / Allies) TheDarkKnight00: you just want to waste you time onthis game?
(32:13 / Allies) TheDarkKnight00: it's really sad
(32:29 / Allies) TheDarkKnight00: adn they funny part is... is you're going to lose
(32:32 / Allies) TheDarkKnight00: bc you won't kill anyone
(32:33 / Allies) TheDarkKnight00: it's hilarious
(32:36 / All) NOBLEBLOODDOUCH: really??
(32:40 / Allies) xXTheYoshiXx: lol
(32:50 / Allies) xXTheYoshiXx: 740 gold left in mine
(32:53 / Allies) xXTheYoshiXx: ins ending soon
(33:09 / Allies) TheDarkKnight00: i just truly hope you have a miserable night pink
(33:23 / All) NOBLEBLOODDOUCH: come red
(33:28 / Allies) TheDarkKnight00: because you're a petty, friendless, little faggot that everyone makes fun of
(33:34 / Allies) TheDarkKnight00: you got made fun of in highschool didn't you?
(33:43 / Allies) TheDarkKnight00: no friends?
(33:45 / All) FrostMaster: shh pink i know
(33:49 / Allies) TheDarkKnight00: what'd they call you
(33:50 / All) NOBLEBLOODDOUCH: teal u here?
(34:14 / Allies) TheDarkKnight00: ha you scared of blue pink?
(34:30 / Allies) TheDarkKnight00: uh oh
(34:46 / All) TheDarkKnight00: leave the game
(34:48 / All) TheDarkKnight00: dickheads
(34:49 / All) TheDarkKnight00: its over
(34:51 / All) TheDarkKnight00: u can't win
(35:52 / Allies) TheDarkKnight00: haha you're like a retarded dog
(35:55 / All) TheDarkKnight00: CHASE THE HERO!!!!
(35:57 / All) TheDarkKnight00: dumb fuck
(35:57 / All) NOBLEBLOODDOUCH: am i oj?
(35:58 / All) NOBLEBLOODDOUCH: am i?
(36:10 / Allies) xXTheYoshiXx: mana up
(36:11 / All) TheDarkKnight00: you are the stupidest individual i have ever played with one thisgame
(36:13 / Allies) xXTheYoshiXx: 2 seconds
(36:28 / All) TheDarkKnight00: you literallly have no life
(36:35 / All) TheDarkKnight00: if you can spare 40 minutes on one game
(36:41 / All) TheDarkKnight00: does this give you pleasure pink?
(36:50 / All) NOBLEBLOODDOUCH: I HAVE BEEN doing this since u were in pajams orange
(36:53 / All) NOBLEBLOODDOUCH: i am ap rofessional
(37:05 / All) TheDarkKnight00: then that is very. very. very. very. sad.
(37:08 / All) TheDarkKnight00: hahahahahah
(37:10 / All) TheDarkKnight00: i'm 25.
(37:11 / All) NOBLEBLOODDOUCH: teal im gonna weaken u up a little i wont kill u ok?
(37:13 / All) TheDarkKnight00: so if that's true
(37:16 / All) NOBLEBLOODDOUCH: im 25 too
(37:20 / All) NOBLEBLOODDOUCH: 1
(37:22 / All) TheDarkKnight00: hahahaha
(37:24 / All) TheDarkKnight00: dude
(37:27 / All) TheDarkKnight00: You need Jesus
(37:31 / All) NOBLEBLOODDOUCH: do i
(37:33 / All) NOBLEBLOODDOUCH: really?
(37:34 / All) NOBLEBLOODDOUCH: i am a jew tho
(37:35 / All) TheDarkKnight00: you need something
(37:38 / All) TheDarkKnight00: you fucking faggot
(37:41 / Allies) xXTheYoshiXx: grunts lol!!!!
(38:00 / All) xXTheYoshiXx: heavy armur
(38:05 / All) xXTheYoshiXx: is bad against magic
(38:11 / All) xXTheYoshiXx: so why make grunts?
(38:23 / All) TheDarkKnight00: red
(38:25 / All) TheDarkKnight00: are you friends with pink?
(38:28 / Allies) xXTheYoshiXx: no
(38:34 / Allies) xXTheYoshiXx: but he knows his human
(38:40 / Allies) xXTheYoshiXx: better than you
(38:41 / All) TheDarkKnight00: do you not agree that he's a fucking muppet baby?
(38:43 / All) NOBLEBLOODDOUCH: ive done the same thing to yoshi before
(38:49 / All) TheDarkKnight00: no he's not
(38:51 / All) TheDarkKnight00: he tked me
(38:56 / All) TheDarkKnight00: you two have no idea what im capable of
(38:56 / All) NOBLEBLOODDOUCH: wtf is a muppet baby
(39:02 / All) TheDarkKnight00: because i haven't had a base in 30 minutes
(39:05 / All) TheDarkKnight00: fucking jerk off
(39:26 / All) NOBLEBLOODDOUCH: here u go teal free griffs
(39:27 / All) TheDarkKnight00: why will u not win pink?
(39:35 / All) NOBLEBLOODDOUCH: i will win if i want to oj
(39:38 / All) NOBLEBLOODDOUCH: u need to apologize to me
(39:41 / All) TheDarkKnight00: haha
(39:43 / All) TheDarkKnight00: sorry dude
(39:49 / All) TheDarkKnight00: you are the coolest man ever.
(39:52 / All) TheDarkKnight00: autograph?
(39:57 / All) NOBLEBLOODDOUCH: if i giv eu gold u need to do laps around this map
(40:01 / All) NOBLEBLOODDOUCH: 50 laps ok?
(40:22 / All) TheDarkKnight00: im good man
(40:25 / All) NOBLEBLOODDOUCH: ok ?
(40:27 / All) TheDarkKnight00: im gonna set my comp down
(40:35 / All) NOBLEBLOODDOUCH: orange i have not allowed you to leave yet
(40:38 / All) NOBLEBLOODDOUCH: u and i both know
(40:39 / All) TheDarkKnight00: you fucking queer
(40:43 / All) NOBLEBLOODDOUCH: u are gonna stay here and not leave
(40:47 / All) NOBLEBLOODDOUCH: this game is making u anxious
(40:49 / All) TheDarkKnight00: no im not gonna leave the game
(40:53 / All) TheDarkKnight00: im gonna set my game down
(41:00 / All) TheDarkKnight00: later faggot
(41:02 / All) TheDarkKnight00: hope your dog dies
(41:11 / All) NOBLEBLOODDOUCH: dont be like that
(41:12 / All) NOBLEBLOODDOUCH: orange
(41:21 / All) TheDarkKnight00: nah i like dogs. but u deserve an assbeating.
(41:24 / All) TheDarkKnight00: peace fag
(42:24 / Allies) xXTheYoshiXx: kk
(43:33 / All) NOBLEBLOODDOUCH: scout
(43:36 / All) NOBLEBLOODDOUCH: with ur pally red
(43:40 / All) xXTheYoshiXx: K
(43:49 / All) TheDarkKnight00: oh one more thing. red you're pinks bitch
(43:51 / All) TheDarkKnight00: how does that make you feel?
(43:54 / All) NOBLEBLOODDOUCH: lawl
(43:57 / All) NOBLEBLOODDOUCH: yoshi is th eman
(43:58 / All) TheDarkKnight00: you're a little bitch
(43:58 / All) xXTheYoshiXx: fine
(44:06 / All) TheDarkKnight00: ur not yoshi
(44:08 / All) TheDarkKnight00: you're alfred
(44:13 / All) TheDarkKnight00: go get me some breakfast alfred
(44:18 / All) xXTheYoshiXx: im "the" yoshi
(44:26 / All) NOBLEBLOODDOUCH: its james
(44:28 / All) NOBLEBLOODDOUCH: not alfred
(44:45 / Allies) xXTheYoshiXx: jack shit
(45:10 / All) TheDarkKnight00: fuck you nigger
(45:13 / All) NOBLEBLOODDOUCH: lawl
(45:14 / All) NOBLEBLOODDOUCH: raped
(46:01 / All) NOBLEBLOODDOUCH: ur archmage lives for now oj
(46:31 / All) TheDarkKnight00: jesus wonder how long itd take for a lvl 2 archmage to kill a whole city lvl3 tier armor human lol
(46:39 / All) NOBLEBLOODDOUCH: one way to find out
(46:50 / All) NOBLEBLOODDOUCH: teal if u kill oj and red i wont help u
(47:40 / All) NOBLEBLOODDOUCH: yoshi u remember me?
(47:46 / Allies) xXTheYoshiXx: whats you aka
(47:50 / All) NOBLEBLOODDOUCH: remember me and my 2 friends did a "mexican standoff" with u
(47:52 / All) NOBLEBLOODDOUCH: on lvl 1 alts
(47:56 / Allies) xXTheYoshiXx: ohhhh
(47:58 / Allies) xXTheYoshiXx: lol
(48:01 / All) NOBLEBLOODDOUCH: couple times
(48:01 / Allies) xXTheYoshiXx: i do remember that
(48:02 / All) NOBLEBLOODDOUCH: actually
(48:08 / Allies) xXTheYoshiXx: is that what were headed for now?
(48:20 / All) NOBLEBLOODDOUCH: no
(48:23 / All) NOBLEBLOODDOUCH: i dont know them on their team
(48:24 / All) NOBLEBLOODDOUCH: just me
(48:46 / Allies) xXTheYoshiXx: your pretty good
(48:53 / Allies) xXTheYoshiXx: i dont gryphs much
(49:02 / All) NOBLEBLOODDOUCH: yea u usually go casters
(49:03 / All) NOBLEBLOODDOUCH: breakers
(49:48 / All) NOBLEBLOODDOUCH: teal u here?
(49:51 / All) NOBLEBLOODDOUCH: im gonna kill oj base now
(50:08 / Allies) xXTheYoshiXx: breakers are good cuz they dont take friendly aoe from heavy air
(50:21 / All) NOBLEBLOODDOUCH: true true
(50:31 / Allies) xXTheYoshiXx: my knight always killed by chims splash
(50:48 / All) NOBLEBLOODDOUCH: the game i recall was on battlegrounds, that snow map, u had pitlord casters and i kept trying to nuke ur hero
(51:25 / All) NOBLEBLOODDOUCH: find oj's last peasant
(51:41 / All) NOBLEBLOODDOUCH: nvm a sorc
(52:04 / All) NOBLEBLOODDOUCH: teal or blue are u here
(52:23 / All) NOBLEBLOODDOUCH: red
(52:27 / Allies) xXTheYoshiXx: hm
(52:31 / All) NOBLEBLOODDOUCH: if u kill orange's archmage, i give you 1k gold
(52:33 / All) NOBLEBLOODDOUCH: fair?
(52:45 / Allies) xXTheYoshiXx: i dont really need gold
(52:50 / Allies) xXTheYoshiXx: full inv
(53:14 / Allies) xXTheYoshiXx: gryphs plus banish would do it quicker
(54:36 / All) NOBLEBLOODDOUCH: run oj
(57:20 / All) NOBLEBLOODDOUCH: 20k gold
(58:26 / Allies) xXTheYoshiXx: nothing thier
(58:34 / Allies) xXTheYoshiXx: no gold or workers
(58:50 / Allies) NOBLEBLOODDOUCH: teal is so new
(58:51 / Allies) NOBLEBLOODDOUCH: wow
(60:05 / All) NOBLEBLOODDOUCH: bad boy red
(60:38 / All) TheDarkKnight00: haha
(60:44 / All) TheDarkKnight00: you have devoted an hour and a half to this game
(60:48 / All) TheDarkKnight00: you are a loser.
(60:53 / All) NOBLEBLOODDOUCH: ur still here too
(61:02 / All) NOBLEBLOODDOUCH: u are guilty of even worse
(61:08 / All) NOBLEBLOODDOUCH: orange do you concede i am your father?
(61:11 / All) NOBLEBLOODDOUCH: and you are my son?
(61:45 / All) NOBLEBLOODDOUCH: concede orange
(61:49 / All) NOBLEBLOODDOUCH: that i am your biological father
(62:08 / All) FrostMaster: red you fken pussy
(62:14 / All) NOBLEBLOODDOUCH: ill help u out teal
(62:18 / All) xXTheYoshiXx: and to think i was goin to at with you
(62:47 / Allies) xXTheYoshiXx: lol
(62:48 / All) NOBLEBLOODDOUCH: ok teal
(62:50 / All) NOBLEBLOODDOUCH: im stabbing now
(62:56 / All) NOBLEBLOODDOUCH: teal kill my base
(62:57 / All) NOBLEBLOODDOUCH: i wont stop u
(63:11 / All) FrostMaster: why
(63:16 / All) NOBLEBLOODDOUCH: cuz my team was rude to u
(63:51 / All) NOBLEBLOODDOUCH: im killing my base now teal
(65:19 / All) NOBLEBLOODDOUCH: no no
(65:20 / All) NOBLEBLOODDOUCH: teal
(65:23 / All) NOBLEBLOODDOUCH: kill my base
(65:29 / All) NOBLEBLOODDOUCH: i was after reds paladin
(65:32 / All) NOBLEBLOODDOUCH: he was rude to u
(66:37 / All) NOBLEBLOODDOUCH: go to next mine teal
(66:47 / All) NOBLEBLOODDOUCH: kill that paladin
(67:24 / All) NOBLEBLOODDOUCH: my base almost dead teal
(67:37 / All) NOBLEBLOODDOUCH: red is being very pesky
(68:22 / All) NOBLEBLOODDOUCH: 5 buildings left , teal
(68:25 / All) NOBLEBLOODDOUCH: u did a great job
(68:28 / All) NOBLEBLOODDOUCH: red is being rude to u
(69:29 / All) NOBLEBLOODDOUCH: 1 building left